 Dungeon Crawl Stone Soup version 0.20-a0-463-g5747544 (webtiles) character file.

23597 Colliwobble the Carver (level 12, -2/115 HPs)
             Began as a Minotaur Fighter on Jan 9, 2017.
             Was a High Priest of Okawaru.
             Slain by Ofeo's ghost (12 damage)
             ... on level 1 of the Orcish Mines on Jan 10, 2017.
             The game lasted 00:29:30 (16576 turns).

Colliwobble the Carver (Minotaur Fighter)          Turns: 16576, Time: 00:29:30

Health: -2/115     AC: 21    Str: 24 (25) XL:     12   Next: 73%
Magic:  17/17      EV:  5    Int:  8      God:    Okawaru [*****.]
Gold:   1260       SH: 17    Dex: 11      Spells: 11/11 levels left

rFire  + + .     SeeInvis .     a - +1 demon blade (elec)
rCold  . . .     Gourm    .     g - +0 plate armour
rNeg   + . .     Faith    .     c - +0 shield
rPois  +         Spirit   .     Q - +2 hat {Int+3}
rElec  .         Reflect  +     (no cloak)
rCorr  +         Harm     .     N - +0 pair of gloves of Plasticity {*Drain rF++ rN+ rCorr}
MR     +....                    M - +0 pair of boots
Stlth  ..........               w - brooch of Shielding {Reflect SH+8}
                                K - ring of protection from magic
                                s - ring of poison resistance

@: drained
A: retaliatory headbutt, horns 2, deterioration 1
a: Heroism, Finesse, Renounce Religion


You were on level 1 of the Orcish Mines.
You worshipped Okawaru.
Okawaru was extremely pleased with you.
You were not hungry.

You visited 4 branches of the dungeon, and saw 17 of its levels.

You collected 1443 gold pieces.
You spent 183 gold pieces at shops.

Inventory:

Hand Weapons
 a - a +1 demon blade of electrocution (weapon)
 b - a +0 flail
Missiles
 n - 574 stones (quivered)
 H - 2 throwing nets
Armour
 c - a +0 shield (worn)
 g - a +0 plate armour (worn)
 C - the +1 leather armour of Supple Strength {rC++ SInv}
   (You found it on level 5 of the Dungeon)

   It greatly protects you from cold.
   It lets you see invisible.
 M - a +0 pair of boots (worn)
 N - the +0 pair of gloves of Plasticity (worn) {*Drain rF++ rN+ rCorr}
   (Okawaru gifted it to you on level 3 of the Lair of Beasts)

   It greatly protects you from fire.
   It protects you from negative energy.
   It protects you from acid and corrosion.
   It causes draining when unequipped.
 Q - a +2 hat of intelligence (worn)
Jewellery
 s - a ring of poison resistance (left hand)
 w - the brooch of Shielding (around neck) {Reflect SH+8}
   (You found it on level 4 of the Dungeon)

   [amulet of reflection]

   It shields you and reflects attacks.
   It affects your SH (+8).
 F - an uncursed ring of resist corrosion
 G - an uncursed ring of positive energy
 K - a ring of protection from magic (right hand)
 S - an uncursed amulet of rage
Wands
 B - a wand of confusion (24/48)
 U - a wand of iceblast (7/15)
 Y - a wand of paralysis (12/24)
Scrolls
 e - 5 scrolls of identify
 i - 6 scrolls of amnesia
 k - 3 scrolls of immolation {unknown}
 l - a scroll of holy word {unknown}
 m - 6 scrolls of teleportation
 p - 7 scrolls of enchant weapon {unknown}
 r - 3 scrolls of fog {unknown}
 v - 12 scrolls of remove curse
 x - 2 scrolls of blinking {unknown}
 y - a scroll of magic mapping {unknown}
 J - a scroll of fear {unknown}
 L - 3 scrolls of random uselessness {unknown}
 P - 2 scrolls of silence {unknown}
 X - a scroll of acquirement {unknown}
Potions
 d - 2 potions of might
 j - 7 potions of curing
 q - 4 potions of magic
 t - a potion of haste
 z - 2 potions of cure mutation
 A - 3 potions of brilliance
 D - 2 potions of heal wounds
 E - 2 potions of flight {unknown}
 T - a potion of agility {unknown}
 V - a potion of beneficial mutation {unknown}
Books
 I - a book of Battle

   Spells                             Type                      Level
   a - Infusion                       Charms                       1
   b - Shroud of Golubria             Charms/Translocation         2
   c - Song of Slaying                Charms                       2
   d - Spectral Weapon                Hexes/Charms                 3
   e - Regeneration                   Charms/Necromancy            3
 O - a book of Geomancy

   Spells                             Type                      Level
   a - Sandblast                      Earth                        1
   b - Passwall                       Transmutation/Earth          2
   c - Stone Arrow                    Conjuration/Earth            3
   d - Petrify                        Transmutation/Earth          4
   e - Lee's Rapid Deconstruction     Earth                        5
 R - a book of Air

   Spells                             Type                      Level
   a - Shock                          Conjuration/Air              1
   b - Swiftness                      Charms/Air                   2
   c - Repel Missiles                 Charms/Air                   2
   d - Static Discharge               Conjuration/Air              3
   e - Lightning Bolt                 Conjuration/Air              5
Comestibles
 f - 4 bread rations
 h - 2 beef jerkies
 o - 13 meat rations
 u - a royal jelly
 W - 4 chunks of flesh


   Skills:
 + Level 13.4(13.3) Fighting
 - Level 14.2 Long Blades
 + Level 13.4 Armour
 - Level 3.6(3.5) Shields
 - Level 8.3(8.2) Invocations


You had 11 spell levels left.
You didn't know any spells.

Dungeon Overview and Level Annotations

Branches:
Dungeon (10/15)            Temple (1/1) D:5            Lair (5/6) D:8
  Swamp (0/4) Lair:4       Spider (0/4) Lair:3          Orc (1/2) D:10
  Slime: Lair:5-6

Altars:
Ashenzari
Cheibriados
Dithmenos
Elyvilon
Fedhas
Gozag
Hepliaklqana
Kikubaaqudgha
Makhleb
Nemelex Xobeh
Okawaru
Qazlal
Ru
Sif Muna
Trog
Uskayaw
Vehumet
Xom
Yredelemnul
Zin
The Shining One

Shops:
D:5 (   D:7 (   D:10 %

Annotations:
D:7 dogface's ghost, novice DEVM
Orc:1 Ofeo's ghost, journeyman GrFi


Innate Abilities, Weirdness & Mutations

You reflexively headbutt those who attack you in melee.
You have a pair of horns on your head.
Your body sometimes deteriorates upon taking damage.


Message History

You headbutt Ofeo's ghost, but do no damage.
Ofeo's ghost is almost destroyed.
Ofeo's ghost hits you!
You are electrocuted!
* * * LOW HITPOINT WARNING * * *
You closely miss Ofeo's ghost.
Ofeo's ghost is almost destroyed.
You hit Ofeo's ghost but do no damage.
Ofeo's ghost is almost destroyed.
Ofeo's ghost hits you!
* * * LOW HITPOINT WARNING * * *
You hit Ofeo's ghost.
Ofeo's ghost is almost destroyed.
Ofeo's ghost hits you!
* * * LOW HITPOINT WARNING * * *
You slash Ofeo's ghost!
Ofeo's ghost is almost destroyed.
You hit Ofeo's ghost but do no damage.
Ofeo's ghost is almost destroyed.
Ofeo's ghost hits you!
You die...

........#.....
..#........#. . #......
...#.......##. . #..W....
............. .##........
#..#....#.... ##..........
....#.####..###.......#...
...#### #....#...# .......
..## ##....#..##.......
...# #....)..@W........
..##### ##..............#.
#####.###.#..)............
# #...#...#..............
####..#...#...............
#.#..............>........
...#.........#............
#.........................
#.......................


You could see Ofeo's ghost.

Vanquished Creatures
  Gastronok (D:9)
  An ettin (D:10)
  Fannar (Lair:3)
  The ghost of kazak the Carver, a journeyman BaGl of Cheibriados (Lair:1)
  A hydra (Lair:5)
  2 death yaks (D:7)
  2 two-headed ogres
  Nergalle (D:10)
  A wolf spider (Lair:3)
  4 orc sorcerers (Orc:1)
  The ghost of WhimsyGirl the Basher, a novice GrFi (D:6)
  A black mamba (Lair:1)
  Joseph (D:7)
  2 spiny frogs
  6 komodo dragons
  3 rime drakes
  3 trolls (D:10)
  3 hippogriffs
  7 yaks
  A wraith (D:10)
  A wyvern (D:10)
  A basilisk (Lair:1)
  A hungry ghost (D:7)
  A warg (Orc:1)
  4 swamp worms (Lair:2)
  7 water moccasins
  Edmund (D:4)
  Purgy (D:3)
  5 porcupines
  3 black bears
  3 orc warriors
  2 ice beasts
  2 phantoms
  3 sky beasts
  6 wolves (Lair:2)
  6 ogres
  A centaur (D:9)
  11 crocodiles
  4 big kobolds
  12 bullfrogs
  A gnoll sergeant (D:7)
  2 scorpions
  3 howler monkeys (D:9)
  3 crimson imps
  A centaur zombie (D:6)
  2 quasits
  2 hounds
  3 orc priests
  A bullfrog skeleton (D:4)
  5 orc wizards
  3 iguanas
  A hell rat (D:8)
  4 worker ants
  A hound zombie (D:10)
  3 hound skeletons
  3 worker ant zombies
  Robin (D:3)
  21 gnolls
  9 adders
  4 river rats (D:8)
  4 shadow imps
  2 oozes (D:2)
  An adder skeleton (D:8)
  An adder zombie (D:8)
  15 worms (Lair:2)
  2 dart slugs
  3 leopard geckos
  26 orcs
  2 giant cockroaches
  12 goblins
  6 hobgoblins
  3 jackals
  5 quokkas
  4 bats
  6 frilled lizards
  A jackal skeleton (D:7)
  2 jackal zombies (D:6)
  19 kobolds
  2 quokka skeletons
  6 rats
  A plant (Lair:2)
314 creatures vanquished.

Vanquished Creatures (others)
  5 dream sheep (Lair:5)
  A centaur (D:6)
  A plant (Lair:2)
7 creatures vanquished.

Grand Total: 321 creatures vanquished

Notes
Turn   | Place    | Note
-------+----------+-------------------------------------------
     0 | D:1      | Colliwobble the Minotaur Fighter began the quest for the Orb.
     0 | D:1      | Reached XP level 1. HP: 19/19 MP: 0/0
    54 | D:1      | Reached skill level 3 in Long Blades
   194 | D:1      | Reached XP level 2. HP: 26/26 MP: 1/1
   649 | D:2      | Found an ancient bone altar of Kikubaaqudgha.
   657 | D:2      | Reached skill level 4 in Long Blades
  1017 | D:2      | Found a hide-covered altar of Uskayaw.
  1071 | D:2      | Reached XP level 3. HP: 26/31 MP: 2/2
  1923 | D:2      | Reached skill level 5 in Long Blades
  1996 | D:3      | Reached XP level 4. HP: 29/39 MP: 3/3
  2231 | D:3      | Found a radiant altar of Vehumet.
  2379 | D:3      | Noticed Robin
  2608 | D:3      | Killed Robin
  2703 | D:3      | Noticed Purgy
  2713 | D:3      | Killed Purgy
  2713 | D:3      | Reached skill level 7 in Long Blades
  2713 | D:3      | Reached XP level 5. HP: 5/45 MP: 4/4
  2962 | D:3      | Found a sparkling altar of Nemelex Xobeh.
  3176 | D:4      | Found an iron altar of Okawaru.
  3201 | D:4      | Became a worshipper of Warmaster Okawaru
  3202 | D:4      | Noticed Edmund
  3222 | D:4      | Killed Edmund
  3222 | D:4      | Reached XP level 6. HP: 41/51 MP: 5/5
  3259 | D:4      | Reached skill level 8 in Long Blades
  3846 | D:4      | Noticed an ice beast
  3852 | D:4      | Killed an ice beast
  3852 | D:4      | Reached * piety under Okawaru
  3852 | D:4      | Reached skill level 9 in Long Blades
  3904 | D:5      | Entered Level 5 of the Dungeon
  3941 | D:5      | Reached XP level 7. HP: 45/57 MP: 6/6
  4118 | D:5      | Found a staircase to the Ecumenical Temple.
  4122 | D:5      | Reached skill level 10 in Long Blades
  4150 | Temple   | Entered the Ecumenical Temple
  4462 | D:5      | Found Dagiur's Weapon Boutique.
  4466 | D:5      | Bought a +2 long sword of holy wrath for 183 gold pieces
  4817 | D:5      | Reached skill level 1 in Invocations
  4901 | D:5      | Got a faintly glowing leather armour
  4902 | D:5      | Identified the +1 leather armour of Supple Strength {rC++ SInv} (You found it on level 5 of the Dungeon)
  5088 | D:6      | Noticed WhimsyGirl's ghost (novice GrFi)
  5122 | D:5      | Reached ** piety under Okawaru
  5122 | D:5      | Reached XP level 8. HP: 15/64 MP: 7/9
  5618 | D:6      | HP: 3/64 [worker ant zombie (4)]
  5929 | D:6      | Killed WhimsyGirl's ghost
  5929 | D:6      | Reached skill level 11 in Long Blades
  6324 | D:6      | Reached skill level 5 in Invocations
  6360 | D:6      | Found a deep blue altar of Sif Muna.
  6469 | D:6      | Reached skill level 12 in Long Blades
  6599 | D:6      | Reached XP level 9. HP: 28/70 MP: 12/12
  6872 | D:6      | You fall through a shaft!
  6872 | D:7      | Found a basalt altar of Yredelemnul.
  6872 | D:7      | Noticed Joseph
  6897 | D:7      | Killed Joseph
  6911 | D:7      | Reached *** piety under Okawaru
  6974 | D:7      | Found a blossoming altar of Fedhas.
  6999 | D:7      | Noticed dogface's ghost (novice DEVM)
  7375 | D:6      | Upgraded the game from 0.20-a0-454-g2b43fbb to 0.20-a0-463-g5747544
  7496 | D:7      | Found a shattered altar of Ashenzari.
  7623 | D:7      | Reached skill level 13 in Long Blades
  7742 | D:7      | Found Uhoo's Antique Weapon Shop.
  8134 | D:8      | Noticed a two-headed ogre
  8285 | D:8      | Killed a two-headed ogre
  8493 | D:8      | Reached XP level 10. HP: 75/77 MP: 15/15
  8608 | D:8      | Noticed a death yak
  8612 | D:8      | Noticed a death yak
  8619 | D:8      | Noticed a death yak
  8659 | D:7      | Killed a death yak
  8659 | D:7      | Reached skill level 14 in Long Blades
  8899 | D:7      | Killed a death yak
  8899 | D:7      | Reached **** piety under Okawaru
  8899 | D:7      | Reached skill level 5 in Fighting
  8899 | D:7      | Reached skill level 5 in Armour
  9411 | D:8      | Found a staircase to the Lair.
  9474 | Lair:1   | Entered Level 1 of the Lair of Beasts
  9476 | Lair:1   | Noticed kazak's ghost (journeyman BaGl)
  9498 | Lair:1   | Killed kazak's ghost
  9632 | Lair:1   | Identified the Grimoire of Flight
  9993 | Lair:1   | Noticed a black mamba
 10008 | Lair:1   | Killed a black mamba
 10008 | Lair:1   | Reached ***** piety under Okawaru
 10273 | Lair:1   | Reached XP level 11. HP: 80/93 MP: 16/16
 11837 | Lair:3   | Found a hole to the Spider Nest.
 11837 | Lair:3   | Noticed a wolf spider
 11843 | Lair:3   | Killed a wolf spider
 11843 | Lair:3   | Received a gift from Okawaru
 11846 | Lair:3   | Got a pair of scorched gloves {god gift}
 11847 | Lair:3   | Identified the +0 pair of gloves of Plasticity {*Drain rF++ rN+ rCorr} (Okawaru gifted it to you on level 3 of the Lair of Beasts)
 11905 | Lair:3   | Noticed Fannar
 11945 | Lair:3   | Killed Fannar
 11945 | Lair:3   | Reached skill level 10 in Armour
 11950 | Lair:3   | Reached skill level 10 in Fighting
 12631 | Lair:4   | Found a staircase to the Swamp.
 13413 | Lair:5   | Noticed a five-headed hydra
 13430 | Lair:5   | Killed a five-headed hydra
 13853 | Lair:5   | Reached XP level 12. HP: 105/110 MP: 17/17
 13927 | Lair:5   | Found a shimmering altar of Xom.
 14759 | D:9      | Noticed Gastronok
 14779 | D:9      | Killed Gastronok
 15020 | D:10     | Entered Level 10 of the Dungeon
 15021 | D:10     | Found a staircase to the Orcish Mines.
 15085 | D:10     | Found Iruaxtud's Food Emporium.
 15089 | D:10     | Noticed Nergalle
 15102 | D:10     | Killed Nergalle
 15804 | D:10     | Noticed a two-headed ogre
 15817 | D:10     | Killed a two-headed ogre
 15902 | Orc:1    | Entered Level 1 of the Orcish Mines
 15902 | Orc:1    | Noticed an ettin
 15925 | D:10     | Killed an ettin
 15942 | D:10     | Received a gift from Okawaru
 16194 | Orc:1    | Paralysed by an orc sorcerer for 7 turns
 16203 | Orc:1    | Gained mutation: Your body sometimes deteriorates upon taking damage. [a neqoxec]
 16349 | Orc:1    | Paralysed by an orc sorcerer for 7 turns
 16533 | Orc:1    | Noticed Ofeo's ghost (journeyman GrFi)
 16576 | Orc:1    | Slain by Ofeo's ghost

Vault maps used:
D:1:      lightli_arrival_isolated_outpost, minmay_misc_feat_x
D:2:      lemuel_round_altar, nicolae_overflow_crystal_walls, serial_forest,
          infiniplex_forest_end_3, infiniplex_forest_zigzag_1,
          infiniplex_forest_lined_ring, infiniplex_forest_clump_medium,
          infiniplex_forest_clump_double, infiniplex_forest_lined_4_way,
          infiniplex_forest_3_way
D:3:      nemelex_xobeh_ov_fountains_minmay, fiery_altar_vehumet, uniq_purgy,
          uniq_robin
D:4:      old_standard_altar, uniq_edmund
D:5:      first_bread, serial_shops, nicolae_shop_trees
D:6:      minmay_cornered_nines, portal_sewer_entry_e, lemuel_blue_sif_altar
D:7:      overflow_temple_1_default, old_standard_altar, serial_shops,
          shop_statue, basic_altar, uniq_joseph
D:8:      dpeg_lair_monsters
D:9:      minmay_misc_feat_plants, uniq_gastronok
D:10:     orc_0_dummy, serial_shops, shop, uniq_nergalle
Temple:   minmay_temple_curvy_branch
Lair:1:   infiniplex_staircase_pool
Lair:2:   worms_lemuel
Lair:3:   spider_nest_entry_rubble, grunt_megastairs_5, uniq_fannar
Lair:4:   swamp_mist
Lair:5:   kb_xom_exploding_sheep, serial_bayou_shore_b

Skill      XL: |  1  2  3  4  5  6  7  8  9 10 11 12 |
---------------+-------------------------------------+-----
Long Blades    | 3 4 5 7 9 10 12 13 14 | 14.2
Invocations    | 2 5 8 |  8.3
Fighting       | 7 11 13 | 13.4
Armour         | 7 11 13 | 13.4
Shields        | |  3.6

Action                   |  1- 3 |  4- 6 |  7- 9 | 10-12 || total
-------------------------+-------+-------+-------+-------++-------
Melee: Long sword        |    91 |    89 |   347 |   251 ||   778
       Headbutt          |     5 |    12 |    63 |   153 ||   233
       Demon blade       |       |       |       |   401 ||   401
       Flail             |       |       |       |     9 ||     9
 Fire: Hunting sling     |     2 |     9 |     1 |       ||    12
Throw: Stone             |       |       |       |    13 ||    13
Invok: Heroism           |       |       |     2 |     6 ||     8
       Finesse           |       |       |       |     4 ||     4
Evoke: Wand              |       |       |       |     1 ||     1
  Use: Potion            |       |     1 |       |     1 ||     2
       Scroll            |       |       |    11 |     6 ||    17
  Eat: Chunk             |     3 |     6 |    15 |    27 ||    51
Armor: Scale mail        |    28 |    34 |    63 |     1 ||   126
       Plate armour      |       |       |       |   147 ||   147
       Leather armour    |       |       |       |     4 ||     4
Dodge: Dodged            |    21 |    34 |    43 |    62 ||   160
Block: Shield            |    55 |    54 |   270 |   364 ||   743
       Reflection        |       |       |     6 |     6 ||    12
       Rpst.: Long sword |     6 |    11 |    10 |    10 ||    37
       Demon blade       |       |       |       |    11 ||    11
